 Dungeon Crawl Stone Soup version 0.31-a0-234-gad7ace16ef (webtiles) character file.

Game seed: 14415745738247764136

3274 qw the Skirmisher (level 9, 0/89 HPs)
             Began as a Minotaur Hexslinger on July 9, 2023.
             Was a Follower of Okawaru.
             Killed from afar by a white imp (9 damage)
             ... with a puff of frost
             ... on level 7 of the Dungeon.
             The game lasted 00:02:14 (6001 turns).

qw the Skirmisher (Minotaur Hexslinger)             Turns: 6001, Time: 00:02:15

Health: 0/89       AC:  7    Str: 11    XL:     9   Next: 68%
Magic:  6/9        EV: 17    Int: 10    God:    Okawaru [*.....]
Gold:   139        SH:  0    Dex: 17    Spells: 9/10 levels left

rFire   . . .        Y - +2 orcbow
rCold   . . .        (shield currently unavailable)
rNeg    . . .        c - +1 leather armour {rPois}
rPois   +            (helmet unavailable)
rElec   .            (no cloak)
rCorr   .            b - +0 pair of gloves
SInv    +            k - +0 pair of boots
Will    .....        (no amulet)
Stlth   +++          d - ring of see invisible
HPRegen 0.34/turn    (no ring)
MPRegen 0.11/turn

%: no passive effects
@: lethally poisoned (0 -> -4), about to teleport, heroic, marked
A: horns 3, retaliatory headbutt, robust 1, weak 1
a: Renounce Religion, Heroism


You were on level 7 of the Dungeon.
You worshipped Okawaru.
Okawaru was aware of your devotion.
You visited 2 branches of the dungeon, and saw 8 of its levels.

You collected 360 gold pieces.
You spent 221 gold pieces at shops.


Innate Abilities, Weirdness & Mutations

You have a pair of large horns on your head.
You reflexively headbutt those who attack you in melee.
You are robust. (+10% HP)
You are weak. (Str -2)


   Skills:
 - Level 8.2(13.2) Fighting
 + Level 11.7(16.7) Ranged Weapons
 - Level 2.3(7.3) Armour
 - Level 5.2(10.2) Dodging
 - Level 1.0 Spellcasting
 - Level 2.0 Hexes
 + Level 2.0 Invocations


You had 9 spell levels left.
You knew the following spells:

 Your Spells              Type           Power      Damage    Failure   Level
a - Slow                  Hex            16%        N/A       19%         1

Your spell library contained the following spells:

 Spells                   Type           Power      Damage    Failure   Level
 Inner Flame              Hex/Fire       2%         N/A       65%         3
 Portal Projectile        Hex/Tloc       4%         N/A       65%         3
 Cause Fear               Hex            2%         N/A       88%         4

Inventory:

Hand Weapons
 Y - a +2 orcbow (weapon)
Armour
 b - a +0 pair of gloves (worn)
 c - a +1 leather armour of poison resistance (worn)
 k - a +0 pair of boots (worn)
 m - a +0 ring mail of cold resistance
Jewellery
 d - a ring of see invisible (left hand)
Wands
 j - a wand of digging (6)
Scrolls
 a - 3 scrolls of identify
Potions
 g - 3 potions of curing
 h - 2 potions of mutation
 i - a potion of enlightenment

Dungeon Overview and Level Annotations

Branches:
Dungeon (7/15)             Temple (1/1) D:5

Altars:
Ashenzari
Dithmenos
Elyvilon
Fedhas
Gozag
Hepliaklqana
Kikubaaqudgha
Makhleb
Nemelex Xobeh
Okawaru
Qazlal
Ru
Sif Muna
Trog
Uskayaw
Vehumet
Wu Jian
Xom
Zin
The Shining One

Shops:
D:5 *


Message History

The quasit claws you but does no damage. x2
A shadow imp comes into view.
The ufetubus barely misses you. The ufetubus misses you.
5998 ||| Stepping ~*~*~tactically~*~*~ (outnumbered).
You feel very sick.
A wight comes into view. It is wielding a +3 scimitar.
The wight hits you from afar with a +2 spear.
The white imp closely misses you. The scorpion barely misses you.
You furiously retaliate!
You headbutt the scorpion.
5999 ||| READING scroll of teleportation.
As you read the scroll of teleportation, it crumbles to dust.
You feel strangely unstable.
You feel sick. The ufetubus barely misses you.
The ufetubus hits you but does no damage.
The scorpion closely misses you. The white imp gestures at you.
The puff of frost misses you. The wight barely misses you.
A bullfrog comes into view.
The ufetubus closely misses you. You furiously retaliate!
You headbutt the ufetubus!
You kill the ufetubus!
Okawaru accepts your kill.
6000 ||| INVOKING Heroism.
You gain the combat prowess of a mighty hero.
You feel sick. The scorpion closely misses you.
A wight comes into view. It is wielding a +3 war axe.
The wight hits you from afar with a +2 spear.
The white imp gestures at you. The puff of frost misses you.
The quasit bites you but does no damage.
The quasit barely misses you. The quasit closely misses you.
The scorpion barely misses you.
You shoot an arrow. The arrow hits the quasit!
You kill the quasit!
Okawaru accepts your kill.
You feel sick. The white imp misses you. You furiously retaliate!
You headbutt the white imp. The wight misses you.
The white imp gestures at you. The puff of frost hits you!
You die...

... ...#
###.####.########
##.....##.......<#
#
#.......#.########
#.#.......#........
#....._.....#######
#F......#.#
#....sY5#.#
##..55@##.#
###z####.#


(zo ..# ..... .## #..z... . #...... #..5... #...... You could see an ice beast,
a bullfrog, a scorpion, 3 wights, 2 white imps and a shadow imp.

Vanquished Creatures
  Pikel (D:5)
  A troll (D:7)
  Grinder (D:3)
  A wyvern (D:7)
  Eustachio (D:4)
  A yak (D:5)
  2 water moccasins
  4 black bears
  An ice beast (D:5)
  A sky beast (D:6)
  A centaur (D:5)
  A kobold brigand (D:5)
  2 lemures (D:5)
  2 bullfrogs
  6 scorpions
  A howler monkey (D:4)
  A quasit (D:7)
  3 hounds
  A jelly (D:6)
  A sleepcap (D:4)
  Ijyb (D:3)
  3 iguanas
  9 adders
  4 gnolls
  A shadow imp (D:4)
  4 white imps
  4 ufetubi
  4 dart slugs
  8 orcs
  9 ball pythons
  7 bats
  12 endoplasms
  4 giant cockroaches
  11 goblins
  2 hobgoblins (D:4)
  8 jackals
  13 kobolds
  3 quokkas
  A frilled lizard (D:1)
  5 rats
146 creatures vanquished.

Vanquished Creatures (others)
  A kobold (D:6)
1 creature vanquished.

Grand Total: 147 creatures vanquished

Notes
Turn   | Place    | Note
-------+----------+-------------------------------------------
     0 | D:1      | qw the Minotaur Hexslinger began the quest for the Orb.
     0 | D:1      | Reached XP level 1. HP: 16/16 MP: 1/1
     0 | D:1      | 0 ||| qw: Version: 0.3-a-51-g015441d
     0 | D:1      | 0 ||| qw: Game counter: 4233
     0 | D:1      | 0 ||| qw: Melee chars always use a shield: true
     0 | D:1      | 0 ||| qw: God list: Okawaru
     0 | D:1      | 0 ||| qw: Allow faded altars: false
     0 | D:1      | 0 ||| qw: Do Orc after clearing Dungeon:15 true
     0 | D:1      | 0 ||| qw: Do second Lair branch before Depths: true
     0 | D:1      | 0 ||| qw: Lair rune preference: random
     0 | D:1      | 0 ||| qw: Goals: Normal
     0 | D:1      | 0 ||| PLANNING D:1-11
   113 | D:1      | Reached skill level 3 in Ranged Weapons
   196 | D:1      | Reached XP level 2. HP: 19/23 MP: 2/2
   749 | D:1      | Reached XP level 3. HP: 29/29 MP: 3/3
   834 | D:1      | 834 ||| UPGRADING to +0 ring mail.
   844 | D:1      | 844 ||| DROPPING +0 robe.
   845 | D:1      | 845 ||| UPGRADING to ring of see invisible.
   846 | D:1      | 846 ||| DROPPING +6 ring of intelligence.
   847 | D:1      | 847 ||| READING scroll labelled ZUOC KOKHAANNO.
   848 | D:1      | 848 ||| READING scroll labelled UCEITORETTYWK.
   849 | D:1      | 849 ||| DRINKING 2 sedimented pink potions.
   849 | D:1      | Gained mutation: You are weak. (Str -2) [potion of
                  | mutation]
   849 | D:1      | Gained mutation: You have a pair of large horns on your
                  | head. [potion of mutation]
   849 | D:1      | Gained mutation: You are robust. (+10% HP) [potion of
                  | mutation]
   857 | D:1      | 857 ||| DRINKING 3 puce potions.
   858 | D:1      | 858 ||| DROPPING scroll of poison.
  1067 | D:2      | Reached skill level 4 in Ranged Weapons
  1095 | D:2      | 1095 ||| READING scroll of enchant weapon.
  1095 | D:2      | 1095 ||| ENCHANTING +2 sling.
  1507 | D:2      | 1507 ||| UPGRADING to +0 pair of gloves.
  1512 | D:2      | 1512 ||| READING 2 scrolls of identify.
  1512 | D:2      | 1512 ||| IDENTIFYING bubbling dark potion
  1513 | D:2      | 1513 ||| DROPPING potion of lignification.
  1606 | D:3      | Reached skill level 1 in Armour
  1615 | D:3      | 1615 ||| READING scroll of enchant weapon.
  1615 | D:3      | 1615 ||| ENCHANTING +3 sling.
  1697 | D:3      | Found a blossoming altar of Fedhas.
  1697 | D:3      | Found a hide-covered altar of Uskayaw.
  1737 | D:3      | Found a sparkling altar of Nemelex Xobeh.
  1751 | D:3      | Reached XP level 4. HP: 39/39 MP: 4/4
  1774 | D:3      | You fall into a shaft and drop 1 floor!
  1884 | D:4      | Reached skill level 5 in Ranged Weapons
  1885 | D:4      | 1885 ||| READING scroll labelled PUIMYT EMUTO.
  1904 | D:3      | Noticed Ijyb
  1905 | D:3      | 1905 ||| FLEEEEING.
  1908 | D:3      | 1908 ||| STAIRDANCE
  2012 | D:3      | 2012 ||| STAIRDANCE
  2130 | D:3      | Killed Ijyb
  2131 | D:3      | Reached XP level 5. HP: 48/48 MP: 5/5
  2217 | D:3      | Reached skill level 3 in Fighting
  2369 | D:3      | Noticed Grinder
  2378 | D:3      | Killed Grinder
  2379 | D:3      | Reached skill level 6 in Ranged Weapons
  2379 | D:3      | Reached XP level 6. HP: 25/56 MP: 6/6
  2777 | D:3      | 2777 ||| UPGRADING to +1 leather armour of poison
                  | resistance.
  2787 | D:3      | 2787 ||| DROPPING +0 ring mail.
  2788 | D:3      | 2788 ||| DROPPING ring of magical power.
  2789 | D:3      | 2789 ||| READING 2 scrolls of identify.
  2789 | D:3      | 2789 ||| IDENTIFYING lumpy silvery potion
  2972 | D:4      | Found an ornate altar of the Wu Jian Council.
  3048 | D:4      | Noticed a spectral centipede
  3048 | D:4      | Noticed a spectral black mamba
  3048 | D:4      | Noticed a spectral cane toad
  3138 | D:4      | Reached skill level 7 in Ranged Weapons
  3266 | D:4      | 3266 ||| UPGRADING to +0 pair of boots.
  3271 | D:4      | 3271 ||| READING 2 scrolls labelled POTUSS LOETT.
  3280 | D:5      | Entered Level 5 of the Dungeon
  3280 | D:5      | Noticed Eustachio
  3292 | D:5      | 3292 ||| STAIRDANCE
  3296 | D:4      | HP: 11/52 [Eustachio/+5 rapier of draining (4)]
  3297 | D:4      | 3297 ||| READING scroll of teleportation.
  3298 | D:4      | 3298 ||| DRINKING 5 potions of heal wounds.
  3300 | D:4      | Reached XP level 7. HP: 40/62 MP: 7/7
  3300 | D:4      | 3300 ||| FLEEEEING.
  3307 | D:4      | 3307 ||| STAIRDANCE
  3390 | D:4      | Killed Eustachio
  3391 | D:4      | Reached skill level 8 in Ranged Weapons
  3443 | D:5      | 3443 ||| STAIRDANCE
  3498 | D:5      | Reached skill level 3 in Dodging
  3777 | D:5      | Found Heec's General Store.
  3783 | D:5      | 3783 ||| BUYING +0 ring mail of cold resistance (143 gold).
  3783 | D:5      | Bought a +0 ring mail of cold resistance for 143 gold
                  | pieces
  3783 | D:5      | 3783 ||| BUYING potion of curing (39 gold).
  3783 | D:5      | Bought a potion of curing for 39 gold pieces
  3783 | D:5      | 3783 ||| BUYING scroll of teleportation (39 gold).
  3783 | D:5      | Bought a scroll of teleportation for 39 gold pieces
  3880 | D:5      | 3880 ||| SWAPPING to +0 orcbow.
  3881 | D:5      | 3881 ||| DROPPING +4 sling.
  3912 | D:5      | Reached XP level 8. HP: 54/75 MP: 8/8
  3929 | D:5      | Reached skill level 9 in Ranged Weapons
  4135 | D:5      | Reached skill level 6 in Fighting
  4244 | D:5      | 4244 ||| READING scroll labelled UKIUH WO EWK.
  4245 | D:5      | 4245 ||| READING scroll labelled QISMISETEGH.
  4273 | D:5      | Reached skill level 10 in Ranged Weapons
  4454 | D:5      | Found a staircase to the Ecumenical Temple.
  4455 | D:5      | 4455 ||| PLANNING TEMPLE
  4486 | D:5      | 4486 ||| READING scroll labelled ATHUQE IDOO.
  4487 | D:5      | 4487 ||| DRINKING 2 murky inky potions.
  4493 | Temple   | Entered the Ecumenical Temple
  4524 | Temple   | 4524 ||| PLANNING OKAWARU WORSHIP
  4600 | Temple   | Became a worshipper of Warmaster Okawaru
  4601 | Temple   | 4601 ||| PLANNING D:1-11
  4821 | D:6      | Noticed Pikel
  4823 | D:6      | 4823 ||| STAIRDANCE
  4871 | D:6      | 4871 ||| STAIRDANCE
  4881 | D:5      | HP: 16/71 [kobold/+0 short sword of draining (2)]
  4882 | D:5      | 4882 ||| READING scroll of teleportation.
  4883 | D:5      | 4883 ||| DRINKING 4 potions of heal wounds.
  5004 | D:6      | 5004 ||| STAIRDANCE
  5106 | D:6      | 5106 ||| STAIRDANCE
  5109 | D:5      | HP: 18/74 [Pikel/+0 whip of freezing (1)]
  5110 | D:5      | 5110 ||| DRINKING 3 potions of heal wounds.
  5111 | D:5      | 5111 ||| DRINKING 2 potions of heal wounds.
  5114 | D:5      | Killed Pikel
  5114 | D:5      | Reached * piety under Okawaru
  5115 | D:5      | Reached XP level 9. HP: 34/89 MP: 9/9
  5115 | D:5      | 5115 ||| INVOKING Heroism.
  5141 | D:5      | 5141 ||| INVOKING Heroism.
  5285 | D:6      | 5285 ||| STAIRDANCE
  5291 | D:5      | 5291 ||| INVOKING Heroism.
  5296 | D:5      | HP: 18/89 [ice beast (8)]
  5297 | D:5      | 5297 ||| DRINKING potion of heal wounds.
  5454 | D:6      | 5454 ||| INVOKING Heroism.
  5459 | D:6      | Reached skill level 11 in Ranged Weapons
  5468 | D:6      | 5468 ||| STAIRDANCE
  5533 | D:6      | Reached skill level 1 in Invocations
  5535 | D:6      | 5535 ||| STAIRDANCE
  5686 | D:6      | 5686 ||| INVOKING Heroism.
  5725 | D:6      | 5725 ||| READING 2 scrolls of enchant weapon.
  5725 | D:6      | 5725 ||| ENCHANTING +0 orcbow.
  5726 | D:6      | 5726 ||| READING scroll of enchant weapon.
  5726 | D:6      | 5726 ||| ENCHANTING +1 orcbow.
  5944 | D:6      | 5944 ||| READING 4 scrolls of identify.
  5944 | D:6      | 5944 ||| IDENTIFYING cyan potion
  5945 | D:6      | 5945 ||| DROPPING potion of attraction.
  5969 | D:7      | Found a bloodstained altar of Trog.
  5975 | D:7      | Noticed a troll
  5977 | D:7      | 5977 ||| FLEEEEING.
  5981 | D:7      | 5981 ||| INVOKING Heroism.
  5988 | D:7      | Killed a troll
  5998 | D:7      | 5998 ||| Stepping ~*~*~tactically~*~*~ (outnumbered).
  5998 | D:7      | HP: 22/89 [poisoned by a scorpion]
  5999 | D:7      | 5999 ||| READING scroll of teleportation.
  6000 | D:7      | 6000 ||| INVOKING Heroism.
  6000 | D:7      | HP: 9/89 [wight/+2 spear (6)]
  6001 | D:7      | Killed from afar by a white imp

Levels and vault maps discovered:
D:1:      dpeg_arrival_arbitrary_a, layout_loops_corners
D:2:      layout_basic
D:3:      layout_loops_ring, gammafunk_temple_overflow_elements,
          mainiacjoe_overflow_six_doors_small, serial_bayou_crossing,
          uniq_grinder, uniq_ijyb
D:4:      layout_layer_cave, pdpol_wu_jian_five_deadly_venoms
D:5:      minmay_chambers_of_fours, layout_basic,
          minmay_temple_entry_enclosed_plants, serial_shops, shop,
          uniq_eustachio
D:6:      layout_cave_pools, minmay_circle_x, uniq_pikel
D:7:      layout_basic, old_standard_altar, serial_demonic, serial_demonic_f,
          serial_demonic_d, serial_demonic_b, serial_demonic_b
Temple:   regret_index_temple_waves

Skill      XL: |  1  2  3  4  5  6  7  8  9 |
---------------+----------------------------+-----
Ranged Weapons | 3 4 5 6 7 8 10 11 | 11.7
Fighting       | 2 3 4 5 8 |  8.2
Armour         | 1 2 |  2.3
Dodging        | 3 4 5 |  5.2
Invocations    | 2 |  2.0
Spellcasting   | |  1.0
Hexes          | |  2.0

Action                     |  1- 3 |  4- 6 |  7- 9 || total
---------------------------+-------+-------+-------++-------
   Fire: Sling             |    99 |   145 |    38 ||   282
         Orcbow            |       |       |   175 ||   175
 Invoke: Heroism           |       |       |     7 ||     7
    Use: Scroll            |     5 |     4 |     8 ||    17
         Potion            |     2 |     1 |     5 ||     8
 Armour: Robe              |     2 |       |       ||     2
         Ring mail         |     9 |    19 |       ||    28
         Skin              |       |    10 |       ||    10
         Leather armour    |       |     4 |   109 ||   113
  Dodge: Dodged            |    21 |    33 |   257 ||   311

Table legend:
 A = Non-vault XP
 B = Vault XP
 C = Vault XP percentage of total XP
 D = Non-vault monster count
 E = Vault monster count
 F = Vault count percentage of total count
                 A         B        C        D         E       F
            +---------+---------+-------+---------+---------+-------
      Total |    2552 |    2171 |  46.0 |     123 |      21 |  14.6
            +---------+---------+-------+---------+---------+-------
        D:1 |      41 |       0 |   0.0 |      23 |       0 |   0.0
        D:2 |      41 |       0 |   0.0 |      17 |       0 |   0.0
        D:3 |      52 |     308 |  85.6 |      20 |       2 |   9.1
        D:4 |     495 |     202 |  29.0 |      27 |       1 |   3.6
        D:5 |    1067 |    1321 |  55.3 |      21 |      10 |  32.3
        D:6 |     244 |     279 |  53.3 |      12 |       5 |  29.4
        D:7 |     612 |      61 |   9.1 |       3 |       3 |  50.0
            +---------+---------+-------+---------+---------+-------
